Cogmind - Beta 12 --- EXPLORER MODE // 2023.08.23 @ 00:11:34 Player: Phantom Result: Self-destructed Performance ------------- Evolutions (7) 3500 Regions Visited (13) 2600 Robots Destroyed (178) 890 Value Destroyed (8061) 8061 Prototype IDs (29) 580 Alien Tech Used (0) 0 Bonus (530) 530 TOTAL SCORE: 16161 Bonus ------- High Alert Combat Kills 30 Entered DSFs 500 Cogmind --------- Core Integrity 635/1300 Matter 25/300 Energy 142/315 System Corruption 7% Temperature Cool (0) Movement Rolling (115) Ox1 Location -3/Research Parts ------- > --- POWER (3) -------- Neutrino Core > --- PROPULSION (6) --- Armored Huge Wheel High-density Centrium Wheel > --- UTILITY (10) ----- Advanced Heat Sink Large Storage Unit Advanced Targeting Computer Advanced Target Analyzer Improved Armor Integrity Analyzer Hacking Suite System Guard > --- WEAPON (3) ------- Plasma Rifle Light Antimatter Cannon > --- INVENTORY (15) --- Medium Storage Unit Advanced Energy Well (500) Advanced ECM Suite Improved Power Shielding Improved Remote Force Field Improved Corruption Screen Improved Recalibrator Improved Datajack Peak State ------------ > --- POWER ------------ Reinforced Fission Core Particle Reactor Micro Antimatter Reactor > --- PROPULSION ------- Wheel Armored Huge Wheel High-density Centrium Wheel > --- UTILITY ---------- Advanced Heat Sink Advanced Cooling System Large Storage Unit Advanced Targeting Computer Advanced Target Analyzer Improved Armor Integrity Analyzer Layered Medium Armor Plating Hacking Suite Hacking Suite System Guard > --- WEAPON ----------- Gamma Rifle KE Penetrator Light Antimatter Cannon > --- INVENTORY -------- Neutrino Core Medium Storage Unit Advanced Energy Well Advanced ECM Suite Improved Power Shielding Improved Remote Force Field Improved Corruption Screen Improved Recalibrator Fusion Bomb Launcher Improved Datajack [Rating: 112] Favorites ----------- Power Light Nuclear Core Engine F-cell Engine Power Core Light Nuclear Core Reactor Micro Antimatter Reactor Propulsion Aluminum Leg Treads Light Treads Leg Aluminum Leg Wheel Armored Huge Wheel Utility Large Storage Unit Device Improved Heat Sink Storage Large Storage Unit Processor Targeting Computer Hackware Hacking Suite Protection Improved Medium Armor Plating Weapon Improved Medium Laser Energy Gun Improved Medium Laser Energy Cannon Improved Matter Neutralizer Ballistic Gun Heavy Assault Rifle Ballistic Cannon Advanced Assault Cannon Launcher Fusion Bomb Launcher Build | -11 -10 -9 -8 -7 -7 -7 -6 -5 -5 -5 -4 -4 -3 ------- Run | Jun Mat Mat Mat Fac Low Low Fac Fac Upp Upp Fac DSF Res Slots Evolved 15 | . 1 2 2 2 . . 2 2 . . 2 . 2 Power 2 | . . . 1 . . . . 1 . . . . . Propulsion 4 | . . 1 1 1 . . 1 . . . . . . Utility 8 | . 1 1 . . . . 1 1 . . 2 . 2 Weapon 1 | . . . . 1 . . . . . . . . . Parts Attached 135 | 8 5 7 12 7 . 8 8 3 4 . 3 7 63 Power 19 | 1 . 1 3 . . 2 1 2 1 . . 1 7 Engine 5 | 1 . 1 . . . . 1 . 1 . . . 1 Core 12 | . . . 3 . . 2 . 2 . . . 1 4 Reactor 2 | . . . . . . . . . . . . . 2 Propulsion 26 | 2 . 1 4 6 . . 1 . . . 2 . 10 Treads 4 | . . . . 4 . . . . . . . . . Leg 7 | 2 . 1 4 . . . . . . . . . . Wheel 15 | . . . . 2 . . 1 . . . 2 . 10 Hover . | . . . . . . . . . . . . . . Flight . | . . . . . . . . . . . . . . Utility 41 | 3 3 2 3 . . 1 3 1 2 . 1 1 21 Device 14 | 1 1 1 . . . 1 . . 1 . 1 1 7 Storage 4 | 1 2 . . . . . . . . . . . 1 Processor 8 | 1 . . . . . . 1 . . . . . 6 Hackware 2 | . . . . . . . . . . . . . 2 Protection 13 | . . 1 3 . . . 2 1 1 . . . 5 Artifact . | . . . . . . . . . . . . . . Weapon 49 | 2 2 3 2 1 . 5 3 . 1 . . 5 25 Energy Gun 17 | 1 2 2 1 . . 2 . . . . . 2 7 Energy Cannon 4 | . . . . . . . . . . . . 2 2 Ballistic Gun 10 | 1 . 1 . . . 1 3 . . . . . 4 Ballistic Cannon 11 | . . . 1 1 . . . . 1 . . 1 7 Launcher 7 | . . . . . . 2 . . . . . . 5 Special Weapon . | . . . . . . . . . . . . . . Impact Weapon . | . . . . . . . . . . . . . . Slashing Weapon . | . . . . . . . . . . . . . . Piercing Weapon . | . . . . . . . . . . . . . . Special Melee Weapon . | . . . . . . . . . . . . . . Unidentified Prototypes 12 | . . 1 1 . . . . . 1 . . . 9 Corrupted Parts 1 | . . . . . . . . . . . . . 1 System Corruption 3 | . . . . . . . . . . . . . 3 Parts Lost 44 | . 1 1 2 . . 2 . . 1 . . 5 32 Power 7 | . . . . . . 2 . . . . . . 5 Propulsion 10 | . . . . . . . . . . . . 1 9 Utility 11 | . . . 1 . . . . . 1 . . 1 8 Weapon 16 | . 1 1 1 . . . . . . . . 3 10 Highest Loss Streak 9 | . 1 1 1 . . 2 . . 1 . . 2 9 To Critical Strikes . | . . . . . . . . . . . . . . Average Slot Usage (%) 88 | . 98 97 99 90 78 77 80 83 82 83 75 82 80 Engine 4 | . 12 10 4 . . . 2 5 5 5 5 5 2 Core 6 | . . . 11 14 14 13 9 11 11 11 10 10 4 Treads 1 | . . . . 26 . . . . . . . . . Leg 12 | . 25 30 32 . . . . . . . . . . Wheel 7 | . . . . . 14 14 18 16 16 16 12 15 12 Device 10 | . 10 17 9 7 7 7 6 5 6 11 12 17 11 Storage 7 | . 12 10 8 7 7 7 6 5 5 5 5 5 4 Processor 10 | . 12 10 8 7 7 7 6 11 11 11 10 10 13 Hackware 2 | . . . . . . . . . . . . . 8 Protection 5 | . . . 6 7 7 7 11 11 9 5 5 5 4 Energy Gun 6 | . 11 8 8 7 7 5 6 5 5 5 5 5 3 Ballistic Gun 6 | . 12 11 6 . . 4 8 11 9 5 5 2 1 Ballistic Cannon 3 | . . . 1 14 14 9 3 . 1 5 5 1 4 Naked Turns . | . . . . . . . . . . . . . . Heaviest Build 95 | 19 30 32 49 54 54 58 67 72 72 71 72 79 95 Greatest Support 90 | 20 20 30 47 90 56 56 84 84 84 84 84 84 84 Greatest Overweight (x) 4 | . 1 1 1 . . 1 . . . . . 1 4 Average Overweight (x) . | . . . . . . . . . . . . . . Largest Inventory Capacity 15 | 10 15 15 15 15 15 15 15 15 15 15 15 15 15 Average Capacity 14 | 9 14 15 15 15 15 15 15 15 15 15 15 15 15 Most Carried 15 | 7 10 13 15 15 14 15 15 15 15 14 14 11 13 Average Carried 10 | 3 5 9 12 11 12 13 10 11 13 14 10 8 8 Final Capacity 15 | 10 15 15 15 15 15 15 15 15 15 15 15 15 15 Final Carried 15 | 4 9 13 15 12 14 12 13 15 14 14 9 11 8 Class Distribution -------------------- 50% | Hacker-Mutant 26% | Hacker-Tank 19% | Hacker-Gunner 3% | Scavenger-Gunner Dominant Class ---------------- Hacker-Mutant | -10/Materials Hacker-Mutant | -9/Materials Hacker-Mutant | -8/Materials Hacker-Tank | -7/Factory Hacker-Tank | -7/Lower Caves Hacker-Mutant | -7/Lower Caves Hacker-Tank | -6/Factory Hacker-Tank | -5/Factory Hacker-Tank | -5/Upper Caves Hacker-Gunner | -5/Upper Caves Hacker-Gunner | -4/Factory Hacker-Gunner | -4/DSF Hacker-Gunner | -3/Research Resources | -11 -10 -9 -8 -7 -7 -7 -6 -5 -5 -5 -4 -4 -3 ----------- Run | Jun Mat Mat Mat Fac Low Low Fac Fac Upp Upp Fac DSF Res Matter Collected 4840 | 235 125 288 329 147 226 397 442 198 107 36 . 258 2052 Remotely . | . . . . . . . . . . . . . . Salvage Created 7480 | . 290 864 798 222 176 767 737 538 52 69 . 125 2842 Parts 384 | . 16 69 44 9 10 32 38 26 5 3 . 3 129 Haulers Intercepted . | . . . . . . . . . . . . . . Recyclers Shooed 3 | . . . . . . . 1 1 . . . . 1 Parts Field Recycled . | . . . . . . . . . . . . . . Retrieved Matter . | . . . . . . . . . . . . . . Parts Self-Destructed . | . . . . . . . . . . . . . . Prevented . | . . . . . . . . . . . . . . Kills | -11 -10 -9 -8 -7 -7 -7 -6 -5 -5 -5 -4 -4 -3 ------- Run | Jun Mat Mat Mat Fac Low Low Fac Fac Upp Upp Fac DSF Res Combat Hostiles Destroyed 144 | . 5 19 16 6 5 17 16 6 2 3 . 1 48 Guns 80 | . 5 16 14 . 1 2 13 6 2 1 . . 20 Cannons 48 | . . . 2 6 3 9 3 . . 2 . 1 22 AOE 10 | . . 3 . . . 5 . . . . . . 2 Classes Destroyed 15 | . 2 3 2 2 . 1 2 1 . . . . 2 Worker 5 | . . 1 . . . . . . . . . . 4 Builder 3 | . . . . . . . 1 . . . . . 2 Tunneler 2 | . . . . . . . . 1 . . . . 1 Recycler 1 | . . . . 1 . . . . . . . . . Operator 4 | . . . . . . . 1 1 . . . . 2 Watcher 19 | . 2 5 4 1 . . 1 2 . . . . 4 Swarmer 32 | . . 8 4 2 . 2 3 . 2 3 . . 8 Grunt 49 | . 5 4 4 2 2 10 8 5 . . . . 9 Brawler 3 | . . . 1 . . 1 1 . . . . . . Duelist 3 | . . . . . . 3 . . . . . . . Sentry 28 | . . 7 5 . 1 1 1 1 . . . 1 11 Hunter 12 | . . . 2 1 1 . 2 . . . . . 6 Programmer 14 | . . . . 1 1 . 1 . . . . . 11 Heavy 1 | . . . . . . . . . . . . . 1 Behemoth 2 | . . . . . . . . . . . . . 2 Best Kill Streak 8 | . 3 4 4 3 2 8 6 3 2 3 . 1 7 Combat Bots Only 8 | . 2 3 4 2 2 8 5 3 2 3 . 1 5 Max Kills in Single Turn 2 | . 1 2 2 2 1 2 2 2 1 2 . 1 2 Gunslinging 1 | . . 1 1 . . . . . . . . . 1 Exploded 2 | . . 1 . . . 2 . . . . . . 1 Melee . | . . . . . . . . . . . . . . Uniques/NPCs Destroyed . | . . . . . . . . . . . . . . Combat | -11 -10 -9 -8 -7 -7 -7 -6 -5 -5 -5 -4 -4 -3 -------- Run | Jun Mat Mat Mat Fac Low Low Fac Fac Upp Upp Fac DSF Res Damage Taken 8086 | . 148 484 336 140 59 439 439 592 71 49 . 1004 4325 Core 1074 | . 40 45 37 14 2 43 69 64 . . . 95 665 Absorbed by Shields 370 | . . 77 143 59 26 65 . . . . . . . Redirected to Shielding 282 | . . . . . . . . 96 5 9 . 70 102 Core Remaining (%) 91 | 100 84 88 93 . . 91 91 . . 93 . 91 . Volleys Fired 419 | . 16 57 65 18 8 28 36 26 3 3 . 7 152 Largest 3 | . 2 2 2 3 3 3 3 3 3 3 . 3 3 Hottest 268 | . 60 79 104 152 152 156 132 111 111 147 . 211 268 Shots Fired 1019 | . 32 114 124 45 24 62 107 73 9 9 . 21 399 Gun 687 | . 32 114 121 9 8 25 83 73 9 6 . 11 196 Cannon 317 | . . . 3 36 16 31 24 . . 3 . 10 194 Launcher 15 | . . . . . . 6 . . . . . . 9 Special . | . . . . . . . . . . . . . . Kinetic 617 | . 16 71 65 36 16 46 72 52 6 6 . 9 222 Thermal 255 | . . 11 59 9 8 10 35 21 3 3 . . 96 Explosive 9 | . . . . . . . . . . . . . 9 Electromagnetic 138 | . 16 32 . . . 6 . . . . . 12 72 Robot Hit Streak 52 | . 15 25 18 25 22 18 35 38 11 11 . 10 52 Robot Miss Streak 5 | . 1 2 2 1 1 5 4 1 1 1 . 1 3 Penetration Max 1 | . . . . . . . . 1 . 1 . . 1 Secondary Targets 10 | . . 3 3 . . . . 1 1 . . . 2 Max Gunslinging Chain 1 | . . 1 1 . . . . 1 1 . . . 1 Shots Hit Robots 833 | . 26 94 97 34 20 50 88 67 8 7 . 18 324 Core Hits 409 | . 15 36 39 11 9 39 86 28 5 5 . 5 131 Critical Kills 10 | . . . . . . . 2 1 . 2 . 1 4 Critical Parts Destroyed 9 | . . . . . . . . 1 1 1 . 1 5 Critical Strikes 69 | . 1 3 7 1 2 2 6 5 1 4 . 3 34 Burn 16 | . . . 7 . 1 . 4 3 . 1 . . . Meltdown 3 | . . . . . . . . . . . . . 3 Destroy 19 | . . . . . . . 2 2 1 3 . 3 8 Blast 23 | . . . . 1 1 2 . . . . . . 19 Corrupt 8 | . 1 3 . . . . . . . . . . 4 Melee Attacks . | . . . . . . . . . . . . . . Impact . | . . . . . . . . . . . . . . Slashing . | . . . . . . . . . . . . . . Piercing . | . . . . . . . . . . . . . . Sneak Attacks . | . . . . . . . . . . . . . . Combat Hostiles . | . . . . . . . . . . . . . . Follow-up Attacks . | . . . . . . . . . . . . . . Damage Inflicted 20550 | . 410 1429 1693 788 469 1553 1844 1255 145 169 . 350 10445 Guns 11405 | . 343 1289 1511 140 151 500 1444 1250 145 120 . 149 4363 Cannons 7611 | . . . 75 648 318 630 400 . . 49 . 201 5290 Explosions 1482 | . 67 140 107 . . 423 . . . . . . 745 Melee . | . . . . . . . . . . . . . . Ramming 52 | . . . . . . . . 5 . . . . 47 Kinetic 12134 | . 130 708 760 648 318 977 1335 997 95 136 . 111 5919 Thermal 5411 | . 67 294 933 140 151 153 509 253 50 33 . . 2828 Explosive 538 | . . . . . . . . . . . . . 538 Electromagnetic 2415 | . 213 427 . . . 423 . . . . . 239 1113 Impact . | . . . . . . . . . . . . . . Slashing . | . . . . . . . . . . . . . . Piercing . | . . . . . . . . . . . . . . Highest Corruption 7 | . . . . . . . . . . . . . 7 Average Corruption 3 | . . . . . . . . . . . . . 3 Corruption Purged . | . . . . . . . . . . . . . . Corruption Blocked . | . . . . . . . . . . . . . . Effects 3 | . . . . . . . . . . . . . 3 Matter Fused 2 | . . . . . . . . . . . . . 2 Weapon Failures 1 | . . . . . . . . . . . . . 1 Overload Shots . | . . . . . . . . . . . . . . Overflow Damage 230 | . . . 51 6 18 8 9 . . . . . 138 Projectiles 162 | . . . 28 6 18 8 9 . . . . . 93 Explosions 67 | . . . 23 . . . . . . . . . 44 Melee 1 | . . . . . . . . . . . . . 1 Knockbacks 40 | . . . . 5 1 10 4 . . . . . 20 Impact . | . . . . . . . . . . . . . . Kinetic 39 | . . . . 5 1 10 4 . . . . . 19 Secondary 1 | . . . . . . . . . . . . . 1 Self-Inflicted Damage 190 | . 14 64 . . . . . 2 . . . . 110 Shots 5 | . 1 2 . . . . . . . . . . 2 Rammed 7 | . . . . . . . . 1 . . . . 6 Targets Rammed 8 | 1 . . . . . . . 1 . . . . 6 Kicked 1 | 1 . . . . . . . . . . . . . Crushed . | . . . . . . . . . . . . . . Highest Temperature 512 | . 57 42 306 512 288 359 243 372 90 121 . . 204 Average Temperature 85 | . 29 15 83 152 122 95 70 117 46 58 . . 61 Received Heat Transfer 1968 | . 141 203 192 42 24 279 153 348 . . . 135 451 Effects 13 | . . . . 5 2 4 . 2 . . . . . Shutdowns 5 | . . . . 2 . 1 . 2 . . . . . Energy Bleed 1 | . . . . . 1 . . . . . . . . Interference 3 | . . . . . 1 2 . . . . . . . Matter Decay 1 | . . . . 1 . . . . . . . . . Short Circuit 1 | . . . . . . 1 . . . . . . . Damage (major) 2 | . . . . 2 . . . . . . . . . Siege Activations . | . . . . . . . . . . . . . . Robots Corrupted 2 | . . . . . . 1 . . . . . . 1 Combat Hostiles 1 | . . . . . . 1 . . . . . . . Parts Fried 12 | . . 1 . . . 1 . . . . . 1 9 Impact Corruptions 1 | . . . . . . . . . . . . . 1 Robots Melted 5 | . . . . . 1 . . . . . . . 4 Combat Hostiles 5 | . . . . . 1 . . . . . . . 4 Parts Melted 8 | . . . 1 . . . 2 2 . 1 . . 2 Heat Transferred 9668 | . 100 383 2431 296 370 334 1406 777 111 148 . . 3312 Parts Sabotaged . | . . . . . . . . . . . . . . Parts Stolen . | . . . . . . . . . . . . . . Parts Stripped . | . . . . . . . . . . . . . . Power Chain Reactions 5 | . 1 3 . . . . . . . . . . 1 Missiles Intercepted . | . . . . . . . . . . . . . . Alert | -11 -10 -9 -8 -7 -7 -7 -6 -5 -5 -5 -4 -4 -3 ------- Run | Jun Mat Mat Mat Fac Low Low Fac Fac Upp Upp Fac DSF Res Peak Influence 470 | . 108 258 284 134 . . 470 205 . . 72 144 357 Initial 175 | . . 1 1 24 . . 175 31 . . 72 40 56 Average 103 | . 54 70 93 52 . . 255 66 . . 72 89 125 Maximum Alert Level 2 | . . 1 1 . . . 2 1 . . . . 1 Low Security (%) 83 | 100 100 98 79 100 . . 29 98 . . 100 100 78 Level 1 16 | . . 1 20 . . . 67 1 . . . . 21 Level 2 . | . . . . . . . 2 . . . . . . Level 3 . | . . . . . . . . . . . . . . Level 4 . | . . . . . . . . . . . . . . Level 5 . | . . . . . . . . . . . . . . High Security . | . . . . . . . . . . . . . . Max Security . | . . . . . . . . . . . . . . Squads Dispatched 25 | . . 1 3 4 . 1 2 1 . . . 3 10 Investigation 2 | . . . 1 . . . . . . . . . 1 Extermination 6 | . . . . 1 . . 1 . . . . . 4 Reinforcement 12 | . . 1 2 . . . . 1 . . . 3 5 Assault 1 | . . . . . . 1 . . . . . . . Garrison 4 | . . . . 3 . . 1 . . . . . . Intercept . | . . . . . . . . . . . . . . Searches Triggered . | . . . . . . . . . . . . . . Construction Impeded 3 | . . . . . . . . . . . . . 3 Haulers Reinforced . | . . . . . . . . . . . . . . Active Scanning Responses . | . . . . . . . . . . . . . . Cargo Convoy Interrupts . | . . . . . . . . . . . . . . Stealth | -11 -10 -9 -8 -7 -7 -7 -6 -5 -5 -5 -4 -4 -3 --------- Run | Jun Mat Mat Mat Fac Low Low Fac Fac Upp Upp Fac DSF Res Distress Signals 13 | . . . 5 1 . . 1 1 . . . . 5 Communications Jammed . | . . . . . . . . . . . . . . Distress Signals . | . . . . . . . . . . . . . . Times Spotted 238 | . 9 27 37 9 4 20 21 11 3 5 . 17 75 Peak Tracking Total 9 | . 3 3 4 3 2 8 5 5 3 4 . 9 7 Tactical Retreats 24 | . . 2 3 . . 1 2 1 1 2 . 6 6 Traps | -11 -10 -9 -8 -7 -7 -7 -6 -5 -5 -5 -4 -4 -3 ------- Run | Jun Mat Mat Mat Fac Low Low Fac Fac Upp Upp Fac DSF Res Traps Triggered 17 | . 2 . 1 . . . 1 2 . . . 1 10 Indirectly . | . . . . . . . . . . . . . . Trap Hack Attempts . | . . . . . . . . . . . . . . Triggered . | . . . . . . . . . . . . . . Disarmed . | . . . . . . . . . . . . . . Reprogrammed 15 | . . 6 . . . . . . . . . . 9 Reused 1 | . . 1 . . . . . . . . . . . Traps Extracted . | . . . . . . . . . . . . . . Installed . | . . . . . . . . . . . . . . Triggered 3 | . . 1 . . . . . . . 2 . . . Machines | -11 -10 -9 -8 -7 -7 -7 -6 -5 -5 -5 -4 -4 -3 ---------- Run | Jun Mat Mat Mat Fac Low Low Fac Fac Upp Upp Fac DSF Res Machines Disabled 11 | . . 1 3 . . . . . . . . 1 6 Max in Single Turn 3 | . . 1 3 . . . . . . . . 1 2 Garrison Access 3 | . . . 1 . . . . 1 . . . . 1 Machines Repaired . | . . . . . . . . . . . . . . Machines Sabotaged . | . . . . . . . . . . . . . . Overloaded Fab Kills . | . . . . . . . . . . . . . . Hacking | -11 -10 -9 -8 -7 -7 -7 -6 -5 -5 -5 -4 -4 -3 --------- Run | Jun Mat Mat Mat Fac Low Low Fac Fac Upp Upp Fac DSF Res Machines Accessed 47 | . 4 11 8 1 . . 4 3 1 . 1 . 14 Terminals 42 | . 4 10 7 1 . . 4 2 1 . 1 . 12 Fabricators . | . . . . . . . . . . . . . . Repair Stations . | . . . . . . . . . . . . . . Recycling Units 1 | . . 1 . . . . . . . . . . . Scanalyzers 1 | . . . . . . . . . . . . . 1 Garrison Access 3 | . . . 1 . . . . 1 . . . . 1 Total Hacks 141 | . 12 43 22 2 . . 7 9 1 . 1 . 44 Successful 104 | . 9 36 16 1 . . 3 4 1 . 1 . 33 Failed 37 | . 3 7 6 1 . . 4 5 . . . . 11 Catastrophic 3 | . 2 1 . . . . . . . . . . . Database Lockouts . | . . . . . . . . . . . . . . Manual 64 | . 9 14 8 1 . . 6 6 1 . . . 19 Terminals 132 | . 12 41 21 2 . . 7 6 1 . 1 . 41 Fabricators . | . . . . . . . . . . . . . . Repair Stations . | . . . . . . . . . . . . . . Recycling Units 2 | . . 2 . . . . . . . . . . . Scanalyzers 2 | . . . . . . . . . . . . . 2 Garrison Access 5 | . . . 1 . . . . 3 . . . . 1 Terminal Hacks 61 | . 5 24 8 . . . 1 1 1 . 1 . 20 Record 12 | . . 5 . . . . . . 1 . . . 6 Part Schematic 1 | . . . . . . . . . . . . . 1 Robot Schematic 2 | . . . . . . . . 1 . . . . 1 Prototype ID Bank 10 | . 1 2 5 . . . . . . . . . 2 Open DSF 2 | . . . . . . . 1 . . . 1 . . Branch Access Points 2 | . . 1 1 . . . . . . . . . . Emergency Access Points 1 | . . . . . . . . . . . . . 1 Repair Station Index 1 | . . . . . . . . . . . . . 1 Recycling Unit Index 2 | . . 1 . . . . . . . . . . 1 Alert Level 5 | . . 3 1 . . . . . . . . . 1 Unreport Threat 4 | . . 1 . . . . . . . . . . 3 Locate Traps 7 | . 2 5 . . . . . . . . . . . Reprogram Traps 4 | . . 2 . . . . . . . . . . 2 Dispatch Records 1 | . 1 . . . . . . . . . . . . Surveillance Status 1 | . . . 1 . . . . . . . . . . Investigation Status 1 | . . 1 . . . . . . . . . . . Recall Investigation 2 | . 1 . . . . . . . . . . . 1 Recall Reinforcements 1 | . . 1 . . . . . . . . . . . Hauler Manifests 1 | . . 1 . . . . . . . . . . . Registered Components 1 | . . 1 . . . . . . . . . . . Fabricator Hacks . | . . . . . . . . . . . . . . Repair Station Hacks . | . . . . . . . . . . . . . . Recycling Unit Hacks 2 | . . 2 . . . . . . . . . . . Report Inventory 1 | . . 1 . . . . . . . . . . . Retrieve Components 1 | . . 1 . . . . . . . . . . . Scanalyzer 2 | . . . . . . . . . . . . . 2 Insert Component 1 | . . . . . . . . . . . . . 1 Analyze 1 | . . . . . . . . . . . . . 1 Garrison Access Hacks 3 | . . . 1 . . . . 1 . . . . 1 Seal Access 3 | . . . 1 . . . . 1 . . . . 1 Unauthorized Hacks 36 | . 4 10 7 1 . . 2 2 . . . . 10 Terminals 36 | . 4 10 7 1 . . 2 2 . . . . 10 Botnet 36 | . 4 10 7 1 . . 2 2 . . . . 10 Fabricators . | . . . . . . . . . . . . . . Repair Stations . | . . . . . . . . . . . . . . Recycling Units . | . . . . . . . . . . . . . . Scanalyzers . | . . . . . . . . . . . . . . Garrison Access . | . . . . . . . . . . . . . . Data Cores Recovered 4 | . . . . . . . 1 1 . . . . 2 Used 1 | . . . . . . . . . . . . . 1 Hacking Detections 37 | . 3 8 7 1 . . 3 2 . . 1 . 12 Full Trace Events 2 | . . . 1 . . . . . . . . . 1 Feedback Events 1 | . . . . . . . . . . . . . 1 Corruption 1 | . . . . . . . . . . . . . 1 Feedback Blocked . | . . . . . . . . . . . . . . Robot Schematics Acquired 2 | . . . . . . . . 1 . . . . 1 Robots Built . | . . . . . . . . . . . . . . Authchips . | . . . . . . . . . . . . . . Time . | . . . . . . . . . . . . . . Total Robot Build Rating . | . . . . . . . . . . . . . . Part Schematics Acquired 2 | . . . . . . . . . . . . . 2 Parts Built . | . . . . . . . . . . . . . . Authchips . | . . . . . . . . . . . . . . Time . | . . . . . . . . . . . . . . Total Part Build Rating . | . . . . . . . . . . . . . . Parts Repaired . | . . . . . . . . . . . . . . Time . | . . . . . . . . . . . . . . Parts Recycled . | . . . . . . . . . . . . . . Recycled Matter . | . . . . . . . . . . . . . . Retrieved Matter . | . . . . . . . . . . . . . . Retrieved Components 5 | . . 5 . . . . . . . . . . . Parts Scanalyzed 1 | . . . . . . . . . . . . . 1 Part Schematics Acquired 1 | . . . . . . . . . . . . . 1 Parts Damaged . | . . . . . . . . . . . . . . Bothacking | -11 -10 -9 -8 -7 -7 -7 -6 -5 -5 -5 -4 -4 -3 ------------ Run | Jun Mat Mat Mat Fac Low Low Fac Fac Upp Upp Fac DSF Res Used RIF Installer . | . . . . . . . . . . . . . . Robots Hacked . | . . . . . . . . . . . . . . Non-combat . | . . . . . . . . . . . . . . Combat . | . . . . . . . . . . . . . . Robot Hacks Applied . | . . . . . . . . . . . . . . Relay Couplers Released . | . . . . . . . . . . . . . . Fabnet Peak Effective % . | . . . . . . . . . . . . . . Robots Rewired . | . . . . . . . . . . . . . . Allies Hacked . | . . . . . . . . . . . . . . Hacks Repelled . | . . . . . . . . . . . . . . Allies | -11 -10 -9 -8 -7 -7 -7 -6 -5 -5 -5 -4 -4 -3 -------- Run | Jun Mat Mat Mat Fac Low Low Fac Fac Upp Upp Fac DSF Res Total Allies . | . . . . . . . . . . . . . . Largest Group . | . . . . . . . . . . . . . . Highest-Rated Group . | . . . . . . . . . . . . . . Highest-Rated Ally . | . . . . . . . . . . . . . . Total Orders . | . . . . . . . . . . . . . . Ally Attacks . | . . . . . . . . . . . . . . Total Damage . | . . . . . . . . . . . . . . Kills . | . . . . . . . . . . . . . . Allies Corrupted . | . . . . . . . . . . . . . . Allies Melted . | . . . . . . . . . . . . . . Intel | -11 -10 -9 -8 -7 -7 -7 -6 -5 -5 -5 -4 -4 -3 ------- Run | Jun Mat Mat Mat Fac Low Low Fac Fac Upp Upp Fac DSF Res Robot Analysis Total . | . . . . . . . . . . . . . . Derelict Logs Recovered 2 | . . . . . 1 . . . 1 . . . . Drone Launches . | . . . . . . . . . . . . . . Drone Recoveries . | . . . . . . . . . . . . . . Exploration | -11 -10 -9 -8 -7 -7 -7 -6 -5 -5 -5 -4 -4 -3 ------------- Run | Jun Mat Mat Mat Fac Low Low Fac Fac Upp Upp Fac DSF Res Turns Passed 10431 | 78 912 1807 1582 685 432 271 852 466 262 69 14 246 2755 Spaces Moved 6399 | 52 446 863 899 364 394 153 606 341 246 59 8 196 1772 Core 6 | 6 . . . . . . . . . . . . . Treads 356 | . . . . 356 . . . . . . . . . Legs 2254 | 46 446 863 899 . . . . . . . . . . Wheels 3783 | . . . . 8 394 153 606 341 246 59 8 196 1772 Hover . | . . . . . . . . . . . . . . Flight . | . . . . . . . . . . . . . . Fastest Speed 50 | 50 120 120 120 100 100 100 100 100 100 100 100 100 92 Average Speed 126 | 111 179 172 134 156 100 101 100 100 100 100 100 100 111 Slowest Speed 192 | 120 190 190 192 158 100 115 100 100 100 100 100 115 170 Overloaded Moves . | . . . . . . . . . . . . . . Propulsion Burnouts . | . . . . . . . . . . . . . . Robots Hopped . | . . . . . . . . . . . . . . Cave-ins Triggered . | . . . . . . . . . . . . . . Exploration Rate (%) 40 | 4 86 87 69 9 64 14 15 16 42 12 1 92 51 Regions Visited 13 Branch Regions 4 Pre-discovered Areas 1 | . . . . . . . . . 1 . . . . Known Exits Taken 12 | 1 1 1 1 1 1 1 1 1 1 1 1 . . Unknown Exits Taken . | . . . . . . . . . . . . . . Scrap Searched 7 | . . . . . 3 1 . . 3 . . . . Spaces Dug . | . . . . . . . . . . . . . . Terrain Destroyed 224 | . 6 15 12 4 1 3 2 1 . . . . 180 Melee . | . . . . . . . . . . . . . . Projectile 52 | . . . . 4 1 3 2 . . . . . 42 AOE 171 | . 6 15 12 . . . . . . . . . 138 Terrain Rammed . | . . . . . . . . . . . . . . Walls Destroyed . | . . . . . . . . . . . . . . Machines Disabled . | . . . . . . . . . . . . . . Actions | -11 -10 -9 -8 -7 -7 -7 -6 -5 -5 -5 -4 -4 -3 --------- Run | Jun Mat Mat Mat Fac Low Low Fac Fac Upp Upp Fac DSF Res Total 7919 | 72 530 1069 1163 447 414 216 775 414 257 62 15 233 2252 Wait 711 | . 50 130 145 37 11 19 109 37 . 1 . 7 165 Move 6386 | 51 445 862 898 363 393 152 605 340 245 58 7 195 1772 Hop . | . . . . . . . . . . . . . . Pick Up 133 | 11 10 8 20 8 2 2 8 5 2 . 1 8 48 Fast Attach . | . . . . . . . . . . . . . . Attach 133 | 8 5 7 10 7 . 8 8 3 4 . 3 7 63 Detach 54 | 1 2 4 5 . . 5 4 1 1 . . 4 27 Swap 3 | . . . 3 . . . . . . . . . . Drop 62 | . 2 1 17 14 . 2 5 1 2 . 4 3 11 Fire 419 | . 16 57 65 18 8 28 36 26 3 3 . 7 152 Melee . | . . . . . . . . . . . . . . Ram 7 | . . . . . . . . 1 . . . . 6 Kick 1 | 1 . . . . . . . . . . . . . Crush . | . . . . . . . . . . . . . . Escape Stasis 8 | . . . . . . . . . . . . . 8 Rewire 2 | . . . . . . . . . . . . 2 . Trap . | . . . . . . . . . . . . . . Miscellaneous . | . . . . . . . . . . . . . . Route ------- -11/Junkyard -10/Materials (discovered 4 exits: *Mat x3 / *Min) -9/Materials (discovered 6 exits: *Mat x3 / *Min x2 / Sto) -8/Materials (discovered 2 exits: *Fac x2) -7/Factory -7/Lower Caves -7/Lower Caves -6/Factory (discovered 2 exits: *Fac / *Low) -5/Factory (discovered 2 exits: *Fac / *Upp) -5/Upper Caves -5/Upper Caves -4/Factory -4/DSF -3/Research (discovered 3 exits: *Res / *Arm / *Tes) History --------- Turn | Location | Event 4 | -11/Junkyard | Identified exit to Materials 4 | -11/Junkyard | Discovered exit to Materials (range 15) 79 | -11/Junkyard | Entered Materials 79 | -10/Materials | Evolved 1 slot: Utility x1 302 | -10/Materials | Build established: Hacker-Mutant 460 | -10/Materials | Identified exit to Materials 460 | -10/Materials | Discovered exit to Materials (range 16) 552 | -10/Materials | Discovered exit to Materials (range 16) 854 | -10/Materials | Identified exit to Mines 854 | -10/Materials | Discovered exit to Mines (range 15) 964 | -10/Materials | Discovered exit to Materials (range 10) 991 | -10/Materials | Entered another Materials area 991 | -9/Materials | Evolved 2 slots: Propulsion x1, Utility x1 1560 | -9/Materials | Identified exit to Materials 1560 | -9/Materials | Discovered exit to Materials (range 8) 1714 | -9/Materials | Identified exit to Mines 1714 | -9/Materials | Discovered exit to Mines (range 9) 2310 | -9/Materials | Discovered exit to Materials (range 11) 2486 | -9/Materials | Discovered exit to Mines (range 10) 2649 | -9/Materials | Discovered exit to Materials (range 15) 2735 | -9/Materials | Identified exit to Storage 2798 | -9/Materials | Entered another Materials area 2798 | -8/Materials | Evolved 2 slots: Power x1, Propulsion x1 3159 | -8/Materials | Identified exit to Factory 3159 | -8/Materials | Discovered exit to Factory (range 14) 4305 | -8/Materials | Discovered exit to Factory (range 16) 4380 | -8/Materials | Entered Factory 4380 | -7/Factory | Evolved 2 slots: Propulsion x1, Weapon x1 4840 | -7/Factory | Garrison activated, responded to threat 5035 | -7/Factory | Identified exit to Lower Caves 5035 | -7/Factory | Discovered exit to Lower Caves (range 7) 5065 | -7/Factory | Entered Lower Caves 5251 | -7/Lower Caves | Build established: Hacker-Tank 5363 | -7/Lower Caves | Attracted the attention of an 0b10 checkpoint 5444 | -7/Lower Caves | Learned Factory stockpile data 5486 | -7/Lower Caves | Identified exit to Lower Caves 5486 | -7/Lower Caves | Discovered exit to Lower Caves (range 8) 5497 | -7/Lower Caves | Entered another Lower Caves area 5542 | -7/Lower Caves | Attracted the attention of an 0b10 outpost 5600 | -7/Lower Caves | Destroyed 8 combat bots 5761 | -7/Lower Caves | Destroyed 7 combat bots 5761 | -7/Lower Caves | Identified exit to Factory 5761 | -7/Lower Caves | Discovered exit to Factory (range 7) 5768 | -7/Lower Caves | Entered Factory 5768 | -6/Factory | Evolved 2 slots: Propulsion x1, Utility x1 6133 | -6/Factory | Garrison activated, responded to threat 6551 | -6/Factory | Identified exit to Lower Caves 6551 | -6/Factory | Discovered exit to Lower Caves (range 8) 6605 | -6/Factory | Identified exit to Factory 6605 | -6/Factory | Discovered exit to Factory (range 16) 6620 | -6/Factory | Entered another Factory area 6620 | -5/Factory | Evolved 2 slots: Power x1, Utility x1 6953 | -5/Factory | Identified exit to Factory 6953 | -5/Factory | Discovered exit to Factory (range 11) 7073 | -5/Factory | Identified exit to Upper Caves 7073 | -5/Factory | Discovered exit to Upper Caves (range 4) 7086 | -5/Factory | Entered Upper Caves 7087 | -5/Upper Caves | Encountered a Warlord checkpoint 7333 | -5/Upper Caves | Identified exit to Upper Caves 7333 | -5/Upper Caves | Discovered exit to Upper Caves (range 16) 7348 | -5/Upper Caves | Entered another Upper Caves area 7387 | -5/Upper Caves | Discovered exit to Factory (range 13) 7417 | -5/Upper Caves | Entered Factory 7417 | -4/Factory | Evolved 2 slots: Utility x2 7431 | -4/Factory | Identified exit to DSF 7431 | -4/Factory | Entered DSF 7481 | -4/DSF | Additional patrols routed to DSF 7660 | -4/DSF | Identified exit to Research 7660 | -4/DSF | Discovered exit to Research (range 16) 7677 | -4/DSF | Entered Research 7677 | -3/Research | Evolved 2 slots: Utility x2 7757 | -3/Research | Found Fusion Bomb Launcher 7846 | -3/Research | Spotted B-86 Titan 8196 | -3/Research | Destroyed B-86 Titan 8686 | -3/Research | Found Prototype Processor 8687 | -3/Research | Identified Spectral Analyzer 8744 | -3/Research | Found Prototype Launcher 8745 | -3/Research | Identified Adv. Micro-nuke Launcher 8949 | -3/Research | Lost 5 parts (1p2n1u1w) 9174 | -3/Research | Identified exit to Armory 9174 | -3/Research | Discovered exit to Armory (range 15) 9230 | -3/Research | Found Prototype Device 9232 | -3/Research | Identified Exp. Thermal Shield 9317 | -3/Research | Build established: Scavenger-Gunner 9581 | -3/Research | Identified exit to Research 9581 | -3/Research | Discovered exit to Research (range 13) 9658 | -3/Research | Build established: Hacker-Gunner 9667 | -3/Research | Lost 3 parts (1u2w) 9674 | -3/Research | Spotted B-86 Titan 9692 | -3/Research | Destroyed B-86 Titan 9706 | -3/Research | Identified exit to Testing 9706 | -3/Research | Discovered exit to Testing (range 13) 9753 | -3/Research | Lost 6 parts (2n1u3w) 10413 | -3/Research | Core integrity fell below 50% 10432 | -3/Research | Self-destructed Last Messages --------------- local area. 10414_ K-01 Serf collects debris. 10415_ Penetrated by Slug. 10415_ Hacking Suite destroyed. 10416_ K-01 Serf collects debris. 10418_ Penetrated by Slug. 10419_ K-01 Serf collects debris. 10421_ Penetrated by Slug. 10422_ K-01 Serf collects debris. 10424_ Penetrated by Slug. 10424_ Particle Reactor destroyed. 10426_ K-01 Serf collects debris. 10426_ Y-72 Warden destroyed. 10427_ K-01 Serf collects debris. 10427_ K-01 Serf destroyed. 10427_ W-44 Eye distress signal alerts nearby ally. 10429_ K-01 Serf collects debris. 10429_ G-67 Veteran knocked back. 10429_ K-01 Serf collects debris. 10432_ Penetrated by Slug. Map ----- +----------------------------------------------------+ | ?????????????????????????????????????????????????? | | ?????????????????????????????????????????????????? | | ?????????????????????????????????????????????????? | | ?????????????????????????????????????????????????? | | ?????????????????????????????????????????????????? | | ?????????????????????????????????????????????????? | | ?????????????????????????????????????????????????? | | ?????????????????????????????????????????????????? | | ?????????????????????????????????????????????????? | | ?????????????????????????????????????????????????? | | ?????????????????????????????????????????????????? | | ?????????????????????????????????????????????????? | | ??????? ????? ????####+##????????????????? | | ??????? ?? ???? ??????????????? | | ?????? ?? ???? ????????????? | | ????? ?? ^ ?? ????????????? | | ????? """""^ """"" ????????????? | | ?????# """"" """"" ?????????????? | | ?????# """""w " """ #??????????????? | | ?????# h #??????????????? | | ?????# ^ #??????????????? | | ?????# #??????????????? | | ?????# ^ #???? ?????????? | | ?????? ^ # ?????????? | | ????????# !!^ # ??????????? | | ????????# !! @ #??????????????? | | ######### ! =% #??????????????? | | kA = k #??????????????? | | ^ g #??????????????? | | g%!k #??????????????? | | ############# A #??????????????? | | ????????????###############% % #??????????????? | | ??????????????????# ## ###??????????????? | | ??????????????????# ! # #????????????????? | | ??????????????????# # # #????????????????? | | ??????????????????#= [ # #????????????????? | | ??????????????????# !%!## ##???????????????? | | ??????????????????## # !## #???????????????? | | ????????????????# ## ###### #??????? | | ????????????????+ ! T #??????? | | ????????????????# ### ###### #??????? | | ?????????????????? #??###### #???????????????? | | ?????????????????# ????????###=###???????????????? | | ?????????????????#+?????????##*#?????????????????? | | ????????????????????????######/#######???????????? | | ????????????????????????# =%[% + ????? | | ????????????????????????# % % #???????????? | | ????????????????????????# #???????????? | | ????????????????????????# #???######### | | ????????????????????????# #??## % | +----------------------------------------------------+ Best States ------------- Heat Dissipation 110 Energy Generation 62 Energy Capacity 850 Matter Stores 300 Matter Capacity 300 Sight Range 24 Robot Scan Range 14 Terrain Scan Density 10 ECM Strength 2 Corruption Containment 8 Armor Coverage 450 Resistance: KI 35 Resistance: TH 35 Resistance: EX 35 Resistance: EM 35 Resistance: I 35 Resistance: S 35 Resistance: P 35 Power Shielding 66 Utility Shielding 66 Weapon Shielding 66 Evasion (%) 55 Targeting Accuracy 8 Target Analysis 12 Armor Integrity Analysis 40 Recoil Reduction 6 Offensive Hacking 40 Item Schematics ----------------- Arm. Huge Wheel | -3/Research | Scanalyzed Quantum Reactor | -3/Research | Hacked Robot Schematics ------------------ B-60 Warrior | -5/Factory | Hacked R-06 Scavenger | -3/Research | Hacked Fabricated ------------ Nothing Alien Tech Used ----------------- None Achievements -------------- None Challenges ------------ None Game ------ Seed Poop Manual? 1 Play Time 02:18:10 Cumulative 77.1 hours Start 2023.08.22 @ 11:21:15 End 2023.08.23 @ 00:11:34 Sessions 3 Manual Loads 0 Difficulty Explorer Special Mode None Game No. 85 Rogue 60 Adventurer 0 Explorer 25 Win Type - Total 1 Types 1/0/0/0/0/0/0/0/0 Lore% 21 Gallery% 49 Achievement% 41 Wizard Run 0 Options --------- ASCII 0 Keyboard 0 Movement Mouse Keybinds 0 Fullscreen 1 Font 18/SmallcapsGlow Map View 76x50 Tactical HUD 1 Map Filters NONE Filters NONE Steam 1 RUN: f9b54c3a-8596-4fdb-bc2e-5e5070541615